 Dungeon Crawl Stone Soup version 0.26-a0-652-gafc20e3620 (webtiles) character file.

Game seed: 15918249545711927158

2615 jiml777 the Magician (level 9, -20/71 HPs)
             Began as a Gnoll Warper on Oct 4, 2020.
             Was an Initiate of Gozag.
             Killed by the air
             ... invoked by Gamer54's ghost
              (21 damage)
             ... on level 8 of the Dungeon.
             The game lasted 00:51:36 (9868 turns).

jiml777 the Magician (Gnoll Warper)                 Turns: 9868, Time: 00:51:37

Health: -20/71     AC:  3    Str: 16    XL:     9   Next: 60%
Magic:  19/19      EV: 28    Int: 19    God:    Gozag
Gold:   442        SH: 11    Dex: 14    Spells: 19/21 levels left

rFire    . . .     SeeInvis .   P - +11 trident "Weah" {protect, MR+ Str+2}
rCold    . . .     Faith    .   i - +2 kite shield
rNeg     . . .     Spirit   .   b - +0 leather armour
rPois    .         Reflect  .   (no helmet)
rElec    .         Harm     .   (no cloak)
rCorr    .         Rampage  .   (no gloves)
MR       +....                  (no boots)
Stlth    +++.......             r - amulet of the acrobat
HPRegen  0.21/turn              u - ring of stealth
MPRegen  0.16/turn              (no ring)

@: acrobat
A: distributed training, fangs 1, strong nose
a: Potion Petition, Call Merchant, Bribe Branch, Renounce Religion


You were on level 8 of the Dungeon.
You worshipped Gozag.
Gozag was aware of your devotion.
You visited 2 branches of the dungeon, and saw 9 of its levels.

You collected 1312 gold pieces.
You spent 448 gold pieces at shops.
You paid 422 gold pieces to Gozag.

Inventory:

Hand Weapons
 a - a +0 hand axe
 s - a +0 dagger of venom
 C - a +0 hunting sling
 J - a +4 dagger of draining
 P - the +11 trident "Weah" (weapon) {protect, MR+ Str+2}
   (You found it on level 8 of the Dungeon)

   It grants its wielder temporary protection when it strikes (+7 to AC).
   It affects your strength (+2).
   It affects your resistance to hostile enchantments.
Missiles
 e - 5 boomerangs of dispersal (quivered)
 h - 62 bolts
 m - 33 poisoned darts
 o - 54 sling bullets
 x - 6 boomerangs
 D - 83 arrows
Armour
 b - a +0 leather armour (worn)
 i - a +2 kite shield (worn)
 k - a +0 plate armour
 l - a cursed +0 robe
Jewellery
 r - an amulet of the acrobat (around neck)
 u - a ring of stealth (left hand)
 v - the ring "Xaetz" {*Contam rElec MP+9 Int+2 Stlth+}
   (You found it on level 5 of the Dungeon)

   [ring of stealth]

   It affects your intelligence (+2).
   It insulates you from electricity.
   It affects your magic capacity (+9).
   It causes magical contamination when unequipped.
   It makes you more stealthy.
 y - an uncursed ring of fire
 F - an uncursed ring of positive energy
 M - an uncursed ring of ice {unknown}
Wands
 t - a wand of iceblast (8)
 H - a wand of acid (7)
 I - a wand of flame (15)
Scrolls
 d - 2 scrolls of blinking
 p - 6 scrolls of remove curse
 q - 3 scrolls of fog
 z - 2 scrolls of teleportation
 L - 6 scrolls of magic mapping
 O - 3 scrolls of torment {unknown}
Potions
 c - 2 potions of brilliance
 f - 3 potions of heal wounds
 g - a potion of might
 j - 4 potions of curing
 n - a potion of lignification
 w - a potion of invisibility
 A - a potion of flight
 B - a potion of haste
 E - a potion of mutation
 G - a potion of resistance
 K - a potion of ambrosia
 N - a potion of stabbing


   Skills:
 + Level 6.4 Fighting
 + Level 4.4 Short Blades
 + Level 4.4 Long Blades
 + Level 6.4 Axes
 + Level 4.4 Maces & Flails
 + Level 4.4 Polearms
 + Level 4.4 Staves
 + Level 4.4 Slings
 + Level 4.4 Bows
 + Level 4.4 Crossbows
 + Level 5.2 Throwing
 + Level 5.2 Armour
 + Level 6.4 Dodging
 + Level 4.4 Stealth
 + Level 4.4 Shields
 + Level 4.4 Unarmed Combat
 + Level 6.7 Spellcasting
 + Level 3.6 Conjurations
 + Level 3.6 Hexes
 + Level 3.6 Summonings
 + Level 3.6 Necromancy
 + Level 6.6 Translocations
 + Level 3.6 Transmutations
 + Level 3.6 Fire Magic
 + Level 3.6 Ice Magic
 + Level 3.6 Air Magic
 + Level 3.6 Earth Magic
 + Level 3.6 Poison Magic
 + Level 4.8 Invocations
 + Level 4.4 Evocations


You had 19 spell levels left.
You knew the following spells:

 Your Spells              Type           Power        Failure   Level
a - Blink                 Tloc           N/A          4%          2

Your spell library contained the following spells:

 Spells                   Type           Power        Failure   Level
 Gell's Gravitas          Tloc           ####......   10%         3
 Lesser Beckoning         Tloc           ####......   10%         3
 Teleport Other           Tloc           ####....     10%         3
 Passage of Golubria      Tloc           N/A          30%         4


Dungeon Overview and Level Annotations

Branches:
Dungeon (8/15)             Temple (1/1) D:4
   Lair: D:8-11

Altars:
Ashenzari
Cheibriados
Dithmenos
Elyvilon
Fedhas
Gozag
Hepliaklqana
Kikubaaqudgha
Makhleb
Nemelex Xobeh
Okawaru
Qazlal
Ru
Sif Muna
Trog
Uskayaw
Vehumet
Wu Jian
Xom
Yredelemnul
Zin
The Shining One

Shops:
D:5 *[   D:6 ?   D:7 !   D:8 (

Annotations:
D:8 Gamer54's ghost, novice DrAE


Innate Abilities, Weirdness & Mutations

Your experience applies equally to all skills.
You have very sharp teeth.
Your uncanny sense of smell can sniff out nearby items.


Message History

You block Gamer54's ghost's attack. Gamer54's ghost hits you.
You miss Gamer54's ghost.
Gamer54's ghost is lightly damaged.
You block Gamer54's ghost's attack.
You closely miss Gamer54's ghost. Your bite misses Gamer54's ghost.
Gamer54's ghost is lightly damaged.
Gamer54's ghost hits you but does no damage.
You puncture Gamer54's ghost!
Gamer54's ghost is lightly damaged.
Gamer54's ghost waves its arms in wide circles.
The air twists around and strikes you!
* * * LOW HITPOINT WARNING * * *
There is an open translucent door here.
Gamer54's ghost waves its arms in wide circles.
The air twists around and strikes you!
* * * LOW HITPOINT WARNING * * *
Gamer54's ghost waves its arms in wide circles.
The air twists around and strikes you!!
You die...
Your body crumbles into a pile of gold.

#.≈.#..##.....##...
#.≈.#.####.....#...
#.≈.### #........#
#.≈.#.####.........
####'##..#.........).
##...W.........##.....
##............####..##.
##...........### #..# #
##......@....## #...#
###............# #..##
#.............## ...
..............# ...
.............##
#...##.....## ...#
##....# ..# ##..## ..
####


You could see Gamer54's ghost.

Vanquished Creatures
  A hippogriff (D:7)
  2 orc warriors
  2 sky beasts
  An eye of draining (D:7)
  2 ice beasts
  2 phantoms
  An ogre (D:6)
  4 centaurs
  3 bullfrogs
  A big kobold (D:7)
  A water moccasin skeleton (D:7)
  4 hounds
  3 orc priests
  3 centaur skeletons
  4 orc wizards
  A bullfrog skeleton (D:4)
  An iguana (D:5)
  6 worker ants
  2 hound zombies
  A hound skeleton (D:4)
  2 worker ant zombies
  A howler monkey skeleton (D:7)
  13 adders
  2 white imps
  An ufetubus (D:5)
  An adder skeleton (D:7)
  A worm (D:2)
  3 dart slugs
  7 leopard geckos
  21 orcs
  7 giant cockroaches
  15 goblins
  3 hobgoblins
  6 jackals
  A quokka (D:5)
  A ball python (D:3)
  9 bats
  5 frilled lizards
  5 kobolds
  5 rats
154 creatures vanquished.

Notes
Turn   | Place    | Note
-------+----------+-------------------------------------------
     0 | D:1      | jiml777 the Gnoll Warper began the quest for the Orb.
     0 | D:1      | Reached XP level 1. HP: 20/20 MP: 6/6
   156 | D:1      | Reached XP level 2. HP: 26/26 MP: 7/7
   512 | D:1      | Reached XP level 3. HP: 31/31 MP: 9/9
   558 | D:1      | Reached skill level 5 in Spellcasting
  1129 | D:2      | Reached skill level 1 in Invocations
  1268 | D:2      | Reached skill level 1 in Short Blades
  1268 | D:2      | Reached skill level 1 in Long Blades
  1268 | D:2      | Reached skill level 1 in Maces & Flails
  1268 | D:2      | Reached skill level 1 in Polearms
  1268 | D:2      | Reached skill level 1 in Staves
  1268 | D:2      | Reached skill level 1 in Slings
  1268 | D:2      | Reached skill level 1 in Bows
  1268 | D:2      | Reached skill level 1 in Crossbows
  1268 | D:2      | Reached skill level 1 in Stealth
  1268 | D:2      | Reached skill level 1 in Shields
  1268 | D:2      | Reached skill level 1 in Unarmed Combat
  1268 | D:2      | Reached skill level 1 in Evocations
  1268 | D:2      | Reached XP level 4. HP: 24/38 MP: 11/11
  1492 | D:2      | Found an ancient bone altar of Kikubaaqudgha.
  1725 | D:3      | Found an iron altar of Okawaru.
  1937 | D:3      | Found a glowing golden altar of the Shining One.
  2139 | D:3      | Reached skill level 1 in Conjurations
  2139 | D:3      | Reached skill level 1 in Hexes
  2139 | D:3      | Reached skill level 1 in Summonings
  2139 | D:3      | Reached skill level 1 in Necromancy
  2139 | D:3      | Reached skill level 1 in Transmutations
  2139 | D:3      | Reached skill level 1 in Fire Magic
  2139 | D:3      | Reached skill level 1 in Ice Magic
  2139 | D:3      | Reached skill level 1 in Air Magic
  2139 | D:3      | Reached skill level 1 in Earth Magic
  2139 | D:3      | Reached skill level 1 in Poison Magic
  2620 | D:3      | Found a snail-covered altar of Cheibriados.
  2621 | D:3      | Found a white marble altar of Elyvilon.
  2734 | D:4      | HP: 1/38 [orc wizard/magic dart (4)]
  2736 | D:4      | Reached XP level 5. HP: 13/43 MP: 12/12
  3672 | D:4      | Found a staircase to the Ecumenical Temple.
  3689 | D:4      | Reached XP level 6. HP: 48/50 MP: 13/13
  3693 | D:4      | Learned a level 2 spell: Blink
  3701 | Temple   | Entered the Ecumenical Temple
  3739 | Temple   | Became a worshipper of Gozag Ym Sagoz the Greedy
  3809 | D:4      | Reached skill level 5 in Fighting
  3809 | D:4      | Reached skill level 5 in Axes
  3809 | D:4      | Reached skill level 5 in Dodging
  4318 | D:5      | Entered Level 5 of the Dungeon
  4331 | D:5      | Noticed an ice beast
  4335 | D:5      | Got a wavering ivory ring
  4337 | D:5      | Identified the ring "Xaetz" {*Contam rElec MP+9 Int+2
                  | Stlth+} (You found it on level 5 of the Dungeon)
  4600 | D:4      | Killed an ice beast
  4805 | D:5      | Noticed an ice beast
  4806 | D:5      | Reached XP level 7. HP: 35/56 MP: 15/15
  4956 | D:5      | Found a burning altar of Makhleb.
  5817 | D:5      | Found Omestro's General Store.
  5818 | D:5      | Found Jeyx's Antique Armour Emporium.
  5826 | D:5      | Bought a scroll of identify for 28 gold pieces
  6145 | D:5      | Found an ornate altar of the Wu Jian Council.
  6247 | D:6      | Reached XP level 8. HP: 54/63 MP: 16/16
  6888 | D:6      | Found Vitinya's Magic Scroll Shop.
  7065 | D:6      | Bought a scroll of identify for 28 gold pieces
  7065 | D:6      | Bought a scroll of identify for 28 gold pieces
  7065 | D:6      | Bought a scroll of identify for 28 gold pieces
  7065 | D:6      | Bought a scroll of enchant weapon for 105 gold pieces
  7065 | D:6      | Bought a scroll of magic mapping for 49 gold pieces
  7468 | D:7      | HP: 3/64 [poisoned by an adder]
  7794 | D:7      | Found Moxebuh's Distillery.
  7846 | D:7      | Bought a potion of heal wounds for 70 gold pieces
  7846 | D:7      | Bought a potion of heal wounds for 70 gold pieces
  7846 | D:7      | Bought a potion of curing for 42 gold pieces
  7879 | D:7      | Reached XP level 9. HP: 57/69 MP: 18/18
  8004 | D:7      | Found a basalt altar of Yredelemnul.
  9142 | D:8      | Reached skill level 5 in Throwing
  9142 | D:8      | Reached skill level 5 in Armour
  9447 | D:8      | Got a glimmering trident
  9448 | D:8      | Identified the +11 trident "Weah" {protect, MR+ Str+2} (You
                  | found it on level 8 of the Dungeon)
  9761 | D:8      | Found Aros's Weapon Shop.
  9826 | D:8      | Found a runed translucent door.
  9851 | D:8      | Noticed Gamer54's ghost (novice DrAE)
  9866 | D:8      | HP: 1/71 [Gamer54's ghost/the air (15)]
  9868 | D:8      | Killed from afar by Gamer54's ghost

Illustrated notes

Levels and vault maps discovered:
D:1:      noname_arrival_rooms_in_the_neighbourhood, layout_basic
D:2:      layout_rooms, nicolae_overflow_crystal_walls
D:3:      layout_basic, lemuel_doored_altar, gammafunk_temple_overflow_pools,
          minmay_door_square, kennysheep_okawaru_gauntlet
D:4:      layout_gridville, minmay_temple_entry_steel_oval, serial_bayou_pond_c,
          lightli_corner_chamber
D:5:      layout_cave_pools, bloody_makhleb, nicolae_overflow_hidden_temple,
          serial_shops, nicolae_shop_window_shopping, shop_statue
D:6:      layout_gridville, serial_shops, shop, minmay_ogre_servants
D:7:      hangedman_cross_stitches, layout_basic, kennysheep_little_box,
          serial_shops, shop
D:8:      layout_cave_pods, marbit_many_paths, ebering_ghost_reflecting_pool,
          serial_shops, kennysheep_mini
Temple:   eino_temple_lava

Skill      XL: |  1  2  3  4  5  6  7  8  9 |
---------------+----------------------------+-----
Spellcasting   | 5 6 |  6.7
Invocations    | 1 2 3 4 |  4.8
Short Blades   | 1 2 3 4 |  4.4
Long Blades    | 1 2 3 4 |  4.4
Maces & Flails | 1 2 3 4 |  4.4
Polearms       | 1 2 3 4 |  4.4
Staves         | 1 2 3 4 |  4.4
Slings         | 1 2 3 4 |  4.4
Bows           | 1 2 3 4 |  4.4
Crossbows      | 1 2 3 4 |  4.4
Stealth        | 1 2 3 4 |  4.4
Shields        | 1 2 3 4 |  4.4
Unarmed Combat | 1 2 3 4 |  4.4
Evocations     | 1 2 3 4 |  4.4
Conjurations   | 1 2 3 |  3.6
Hexes          | 1 2 3 |  3.6
Summonings     | 1 2 3 |  3.6
Necromancy     | 1 2 3 |  3.6
Transmutations | 1 2 3 |  3.6
Fire Magic     | 1 2 3 |  3.6
Ice Magic      | 1 2 3 |  3.6
Air Magic      | 1 2 3 |  3.6
Earth Magic    | 1 2 3 |  3.6
Poison Magic   | 1 2 3 |  3.6
Throwing       | 3 4 5 |  5.2
Armour         | 3 4 5 |  5.2
Fighting       | 5 6 |  6.4
Axes           | 5 6 |  6.4
Dodging        | 5 6 |  6.4
Translocations | 6 |  6.6

Action                   |  1- 3 |  4- 6 |  7- 9 || total
-------------------------+-------+-------+-------++-------
Melee: Hand axe          |   106 |       |       ||   106
       Bite              |    10 |    29 |    40 ||    79
       Dagger            |       |   211 |   348 ||   559
       Trident           |       |       |    43 ||    43
 Cast: Blink             |       |     1 |       ||     1
Invok: Potion Petition   |       |       |     1 ||     1
Evoke: Wand              |       |     1 |    12 ||    13
  Use: Potion            |       |     4 |     4 ||     8
       Scroll            |       |    10 |    14 ||    24
 Stab: Sleeping          |     1 |     6 |    14 ||    21
       Distracted        |       |       |     2 ||     2
Armor: Leather armour    |    34 |    51 |    48 ||   133
Dodge: Dodged            |    85 |   104 |   173 ||   362
Block: Kite shield       |    26 |   114 |   161 ||   301

Table legend: (Time is in decaauts)
 A = Elapsed time spent in this place.
 B = Non-inter-level travel time spent in this place.
 C = Inter-level travel time spent in this place.
 D = Time resting spent in this place.
 E = Time spent auto-exploring this place.
 F = Levels seen in this place.
 G = Mean time per level.
                   A        B        C        D        E       F      G
               +--------+--------+--------+--------+--------+-----+--------+
         Total |   9908 |   9887 |     21 |   2856 |   3793 |   9 | 1100.9 |
       Dungeon |   9856 |   9843 |     13 |   2856 |   3775 |   8 | 1232.0 |
        Temple |     51 |     43 |      8 |      0 |     18 |   1 |   51.0 |
               +--------+--------+--------+--------+--------+-----+--------+

Top non-repeatable levels by time:
     D:7: 1746 daAuts
     D:4: 1718 daAuts
     D:3: 1410 daAuts
     D:5: 1322 daAuts
     D:6: 1183 daAuts
     D:1: 1024 daAuts
     D:8: 749 daAuts
     D:2: 702 daAuts
  Temple: 51 daAuts
